 Dungeon Crawl Stone Soup version 0.29.1-15-g9cfb28693d (webtiles) character file.

Game seed: 6422808786254341798

23 venomsnake the Conjurer (level 2, 0/15 HPs)
             Began as a Deep Elf Conjurer on Apr 22, 2023.
             Slain by a ball python (1 damage)
             ... on level 2 of the Dungeon.
             The game lasted 00:04:58 (1329 turns).

venomsnake the Conjurer (Deep Elf Conjurer)         Turns: 1329, Time: 00:04:58

Health: 0/15       AC:  2    Str:  4    XL:     2   Next: 75%
Magic:  0/8        EV:  9    Int: 22    God:
Gold:   44         SH:  0    Dex: 13    Spells: 5/8 levels left

rFire   . . .      SeeInvis .   h - +0 rapier
rCold   . . .      Faith    .   (no shield)
rNeg    . . .      Spirit   .   a - +0 robe
rPois   .          Reflect  .   (no helmet)
rElec   .          Harm     .   (no cloak)
rCorr   .          Rampage  .   (no gloves)
Will    .....                   (no boots)
Stlth   ++........              g - amulet of magic regeneration
HPRegen 0.05/turn               (no ring)
MPRegen 0.51/turn               (no ring)

@: constricted
A: no striking features
a: no special abilities


You were on level 2 of the Dungeon.
You visited 1 branch of the dungeon, and saw 2 of its levels.

You collected 44 gold pieces.

Inventory:

Hand Weapons
 h - a +0 rapier (weapon)
Armour
 a - a +0 robe (worn)
Jewellery
 g - an amulet of magic regeneration (around neck)
Scrolls
 e - a scroll of amnesia {unknown}
 f - a scroll of identify {unknown}
 i - a scroll of enchant armour {unknown}
Potions
 b - a potion of magic
 c - a potion of heal wounds {unknown}
 d - a potion of berserk rage {unknown}


   Skills:
 - Level 2.4 Dodging
 - Level 2.4 Stealth
 + Level 3.6 Spellcasting
 + Level 4.7 Conjurations
 + Level 1.4 Translocations


You had 5 spell levels left.
You knew the following spells:

 Your Spells              Type           Power      Damage    Failure   Level
a - Magic Dart            Conj           96%        1d7       1%          1
b - Searing Ray           Conj           48%        2d6       2%          2

Your spell library contained the following spells:

 Spells                   Type           Power      Damage    Failure   Level
 Dazzling Flash           Conj/Hex       28%        N/A       13%         3
 Ensorcelled Hibernation  Hex/Ice        8%         N/A       19%         2
 Iskenderun's Mystic Bla  Conj/Tloc      17%        2d5       32%         4
 Spider Form              Tmut/Pois      4%         N/A       34%         3
 Fulminant Prism          Conj/Hex       7%         3d7       41%         4
 Anguish                  Hex/Necr       2%         N/A       75%         4


Dungeon Overview and Level Annotations

Branches:
Dungeon (2/15)

Altars:

Annotations:
D:2 Sigmund


Message History

Terence is moderately wounded.
The magic dart hits Terence.
Terence is moderately wounded.
The magic dart hits Terence.
Terence is heavily wounded.
Terence hits you with a +0 short sword.
You are too injured to fight recklessly!
Sorry, you're not good enough to have a special ability.
Casting: Magic Dart (safe; 1% risk of failure)
Confirm with . or Enter, or press ? or * to list all spells.
Aiming: Searing Ray (safe; 2% risk of failure)
Press: ? - help, Shift-Dir - straight line, f/p - Terence
Aim: Terence, wielding a +0 short sword and wearing a +0 ring mail (heavily wounded, 82% to hit)
The searing ray hits Terence.
Terence is severely wounded. (Press . to maintain the ray.) Terence hits you with a +0 short sword.
The ball python barely misses you. The ball python grabs you.
The ball python constricts you.
Casting: Searing Ray (safe; 2% risk of failure)
Confirm with . or Enter, or press ? or * to list all spells.
Restarting spell: Searing Ray (safe; 2% risk of failure)
Press: ? - help, Shift-Dir - straight line, f/p - Terence
Aim: Terence, wielding a +0 short sword and wearing a +0 ring mail (severely wounded, 82% to hit)
The searing ray hits Terence.
Terence is almost dead. (Press . to maintain the ray.) Terence hits you with a +0 short sword.
* * * LOW HITPOINT WARNING * * *
The ball python barely misses you. The ball python constricts you.
* * * LOW HITPOINT WARNING * * *
Casting: Searing Ray (safe; 2% risk of failure)
Confirm with . or Enter, or press ? or * to list all spells.
Restarting spell: Searing Ray (safe; 2% risk of failure)
Press: ? - help, Shift-Dir - straight line, f/p - Terence
Aim: Terence, wielding a +0 short sword and wearing a +0 ring mail (almost dead, 82% to hit)
The searing ray hits Terence.
You kill Terence! (Press . to maintain the ray.)
The ball python bites you.
You die...

.....@.......#
.....#..#
...........###..###
#..# .....###..###.
. #.## ..... ..# .$
..##.# .... #.# .#
...#..# ... .##.#
...##.## ...
##..#..†##..#
#S)..###..##
#@####...##
#.#......###
#.....#### +.#####
##


You could see a ball python.

Vanquished Creatures
  Terence (D:2)
  6 ball pythons
  2 endoplasms
  2 giant cockroaches (D:1)
  5 hobgoblins
  A quokka (D:1)
  A bat (D:1)
  A frilled lizard (D:2)
  A goblin (D:1)
  2 kobolds
  A rat (D:1)
23 creatures vanquished.

Notes
Turn   | Place    | Note
-------+----------+-------------------------------------------
     0 | D:1      | venomsnake the Deep Elf Conjurer began the quest for the
                  | Orb.
     0 | D:1      | Reached XP level 1. HP: 10/10 MP: 6/6
   638 | D:1      | Reached skill level 1 in Translocations
   638 | D:1      | Reached XP level 2. HP: 15/15 MP: 6/8
  1159 | D:1      | Learned a level 2 spell: Searing Ray
  1208 | D:2      | Noticed Sigmund
  1318 | D:2      | Noticed Terence
  1329 | D:2      | Killed Terence
  1329 | D:2      | Slain by a ball python

Illustrated notes

Levels and vault maps discovered:
D:1:      dpeg_cavernosity, layout_basic
D:2:      minmay_evil_eye, layout_basic,
          hellmonk_ecumenical_altar_pennies_from_heaven, basic_altar,
          uniq_terence, uniq_sigmund

Skill      XL: |  1 |
---------------+----+-----
Translocations | 1 |  1.4
Dodging        | |  2.4
Stealth        | |  2.4
Spellcasting   | |  3.6
Conjurations   | |  4.7

Action                   || total
-------------------------++-------
Melee: Unarmed           ||     8
 Cast: Magic Dart        ||    44
       Searing Ray       ||     3
Armor: Robe              ||     3
Dodge: Dodged            ||    18
